 Dungeon Crawl Stone Soup version 0.19-a0-1920-g83281cb (webtiles) character file.

30 varam the Ruffian (level 3, 32/32 HPs)
             Began as a Troll Monk on Oct 23, 2016.
             Was a Believer of Hepliaklqana.
             Quit the game on level 2 of the Dungeon.
             The game lasted 00:01:46 (299 turns).

varam the Ruffian (Troll Monk)                       Turns: 299, Time: 00:01:47

Health: 32/32      AC:  5    Str: 19    XL:     3   Next: 3%
Magic:  2/2        EV: 10    Int:  6    God:    Hepliaklqana [**....]
Gold:   8          SH:  0    Dex: 13    Spells: 0 memorised, 2 levels left

rFire  . . .     SeeInvis .       - Unarmed
rCold  . . .     Gourm    +     a - +0 robe
rNeg   . . .     Faith    .     (no shield)
rPois  .         Spirit   .     (helmet restricted)
rElec  .         Reflect  .     (no cloak)
rCorr  .         Harm     .     (gloves unavailable)
MR     .....                    (boots unavailable)
Stlth  ++........               (no amulet)
                                (no ring)
                                (no ring)

@: no status effects
A: unfitting armour, reduced essence, claws 3, fast metabolism 3, gourmand,
regeneration 1, shaggy fur 1, tough skin 2
a: Ancestor Life: Knight, Ancestor Life: Battlemage, Ancestor Life: Hexer,
Recall Ancestor, Ancestor Identity, Renounce Religion


You were on level 2 of the Dungeon.
You worshipped Hepliaklqana.
Hepliaklqana was pleased with you.
You were full.

You visited 1 branch of the dungeon, and saw 2 of its levels.

You collected 8 gold pieces.

Inventory:

Missiles
 f - 31 stones (quivered)
Armour
 a - a +0 robe (worn)
Jewellery
 d - a cursed ring of teleportation {unknown}
Scrolls
 c - a scroll of enchant weapon {unknown}
 g - a scroll of magic mapping {unknown}
 h - a scroll of identify {unknown}
Potions
 e - a potion of heal wounds {unknown}
Comestibles
 b - 2 bread rations
 i - a chunk of flesh


   Skills:
 - Level 2.4 Fighting
 - Level 2.4 Dodging
 - Level 1.0 Stealth
 + Level 4.2 Unarmed Combat


You had 2 spell levels left.
You didn't know any spells.

Dungeon Overview and Level Annotations

Branches:
Dungeon (2/15)

Altars:
Hepliaklqana


Innate Abilities, Weirdness & Mutations

You are too large for most types of armour.
You have claws for hands.
Your metabolism is lightning-fast.
You like to eat raw meat.
Your natural rate of healing is unusually fast.
You are covered in fur. (AC +1)
You have very tough skin. (AC +2)
Your life essence is reduced. (-10% HP)


Message History

Okay, then.
Unknown command.
Press < or > to pray at altars.
You cannot tell which god this altar belongs to.
Convert to them anyway?
Hepliaklqana accepts your prayer! Hepliaklqana welcomes you!
You may now remember your ancestor's life.
Hepliaklqana forms a fragment of your life essence into the memory of your ancestor, Wigmund!
You can now recall your ancestor.
You can now remember your ancestor's identity.
f - 30 stones (gained 1)
f - 31 stones (gained 1)
You swap places.
You see here a hobgoblin corpse.
You see here a hobgoblin corpse.
You butcher the hobgoblin corpse.
i - a chunk of flesh Unknown command.
Unknown command.
Are you sure you want to abandon this character and quit the game? (Confirm with "yes".)

#############.#
#.## #. ...#...#
# #. ###.#.#.# #.
#.......# #.
#...8...# #.
#..8.8..# #.
#.8._.8.#
##.####..8.8..#.#
#..@R.....8.....#
#...##........###
##...............
#.##############
#. ##


You could see the friendly Wigmund the ancestor.

Vanquished Creatures
  2 adders (D:2)
  A giant cockroach (D:2)
  A goblin (D:2)
  2 hobgoblins (D:2)
  3 kobolds
  3 frilled lizards (D:2)
12 creatures vanquished.

Notes
Turn   | Place    | Note
-------+----------+-------------------------------------------
     0 | D:1      | varam the Troll Monk began the quest for the Orb.
     0 | D:1      | Reached XP level 1. HP: 22/22 MP: 0/0
    69 | D:2      | Reached XP level 2. HP: 29/29 MP: 1/1
    92 | D:2      | Reached skill level 4 in Unarmed Combat
   261 | D:2      | Found a faded altar of an unknown god.
   274 | D:2      | Reached XP level 3. HP: 34/36 MP: 2/2
   279 | D:2      | Became a worshipper of Hepliaklqana the Forgotten
   279 | D:2      | Reached * piety under Hepliaklqana
   279 | D:2      | Reached ** piety under Hepliaklqana
   299 | D:2      | Quit the game

Vault maps used:
D:1:      lemuel_arrival_room
D:2:      lemuel_upstairs_altar, ecumenical_altar_2

Skill      XL: |  1  2 |
---------------+-------+-----
Unarmed Combat | 4 |  4.2
Fighting       | |  2.4
Dodging        | |  2.4
Stealth        | |  1.0

Action                   || total
-------------------------++-------
Melee: Unarmed           ||    32
       Punch             ||     1
 Stab: Sleeping          ||     1
  Eat: Chunk             ||     5
Armor: Robe              ||     8
Dodge: Dodged            ||    20
